 Dungeon Crawl Stone Soup version 0.28.0-43-g3370ac3207 (webtiles) character file.

Game seed: 1141281734585046838

23674 Peloso the Carver (level 12, -3/112 HPs)
             Began as a Minotaur Fighter on Feb 28, 2022.
             Was a High Priest of Okawaru.
             Slain by a catoblepas (11 damage)
             ... while petrified by a catoblepas
             ... on level 13 of the Dungeon.
             The game lasted 00:27:38 (12422 turns).

Peloso the Carver (Minotaur Fighter)               Turns: 12422, Time: 00:27:38

Health: -3/112     AC: 18    Str: 28    XL:     12   Next: 73%
Magic:  13/13      EV:  2    Int:  5    God:    Okawaru [*****.]
Gold:   922        SH:  0    Dex: 14    Spells: 11/11 levels left

rFire   . . .      SeeInvis .   a - +0 long sword
rCold   . . .      Faith    .   c - +0 tower shield
rNeg    + + +      Spirit   .   F - +0 plate armour
rPois   ∞          Reflect  +   (helmet restricted)
rElec   .          Harm     .   (no cloak)
rCorr   .          Rampage  .   l - +0 pair of gloves
Will    .....                   O - +0 pair of boots
Stlth   ..........              f - amulet of reflection
HPRegen 0.28/turn               y - +6 ring of strength
MPRegen 0.13/turn               q - ring of poison resistance

@: petrified, studying Ice Magic
A: horns 2, retaliatory headbutt
a: Renounce Religion, Heroism, Finesse, Duel


You were on level 13 of the Dungeon.
You worshipped Okawaru.
Okawaru was extremely pleased with you.
You visited 3 branches of the dungeon, and saw 16 of its levels.
You also visited: Ossuary.

You collected 922 gold pieces.

Inventory:

Hand Weapons
 a - a +0 long sword (weapon)
Missiles
 C - 2 throwing nets (quivered)
Armour
 b - a +0 scale mail
 c - a +0 tower shield (worn)
 l - a +0 pair of gloves (worn)
 F - a +0 plate armour (worn)
 O - a +0 pair of boots (worn)
Jewellery
 e - a ring of flight
 f - an amulet of reflection (around neck)
 i - an amulet of regeneration
 q - a ring of poison resistance (right hand)
 y - a +6 ring of strength (left hand)
 A - a ring of positive energy
 H - a ring of ice
 K - a +4 ring of evasion
 L - a ring of wizardry
 N - an amulet of the acrobat
Wands
 g - a wand of acid (5)
 z - a wand of flame (19)
 B - a wand of digging (1)
 D - a wand of iceblast (16)
Scrolls
 d - 5 scrolls of fear
 m - 11 scrolls of teleportation
 t - a scroll of brand weapon
 u - a scroll of holy word
 G - a scroll of amnesia {unknown}
 M - a scroll of enchant armour
Potions
 h - 2 potions of cancellation {unknown}
 j - 4 potions of curing
 k - 3 potions of flight
 n - 3 potions of haste {unknown}
 o - a potion of lignification {unknown}
 p - 7 potions of attraction {unknown}
 r - 3 potions of mutation {unknown}
 s - 2 potions of magic
 v - a potion of berserk rage
 x - 2 potions of heal wounds
 E - 2 potions of experience
 J - 3 potions of brilliance {unknown}
Miscellaneous
 w - a phantom mirror
 I - a lightning rod (4/4)


   Skills:
 + Level 11.9 Fighting
 + Level 13.9 Long Blades
 + Level 12.3 Armour
 + Level 3.3 Dodging
 + Level 1.1 Stealth
 + Level 13.5 Shields
 + Level 2.9 Invocations
 + Level 2.4 Evocations


You had 11 spell levels left.
You didn't know any spells.
Your spell library contained the following spells:

 Spells                   Type           Power      Damage    Failure   Level
 Beastly Appendage        Tmut           0%         N/A       100%        1
 Foxfire                  Conj/Fire      0%         2x1d4     100%        1
 Magic Dart               Conj           0%         1d3       100%        1
 Corpse Rot               Necr/Air       0%         N/A       100%        2
 Wereblood                Tmut           0%         N/A       100%        2
 Conjure Flame            Conj/Fire      0%         6-21      100%        3
 Frozen Ramparts          Ice            0%         1d2       100%        3
 Inner Flame              Hex/Fire       0%         N/A       100%        3
 Mephitic Cloud           Conj/Pois/Air  0%         N/A       100%        3
 Ozocubu's Armour         Ice            0%         N/A       100%        3
 Portal Projectile        Hex/Tloc       0%         N/A       100%        3
 Spider Form              Tmut/Pois      0%         N/A       100%        3
 Dispel Undead            Necr           0%         3d6       100%        4
 Flame Wave               Conj/Fire      0%         2d4       100%        4
 Ice Form                 Ice/Tmut       0%         N/A       100%        4
 Leda's Liquefaction      Hex/Erth       0%         N/A       100%        4
 Metabolic Englaciation   Hex/Ice        0%         N/A       100%        5
 Call Imp                 Summ           Unusable   N/A       N/A         2
 Call Canine Familiar     Summ           Unusable   N/A       N/A         3
 Summon Ice Beast         Ice/Summ       Unusable   N/A       N/A         4
 Death Channel            Necr           Unusable   N/A       N/A         6
 Simulacrum               Ice/Necr       Unusable   N/A       N/A         6

Dungeon Overview and Level Annotations

Branches:
Dungeon (13/15)            Temple (1/1) D:5            Lair (2/6) D:10
    Orc (0/2) D:12        Ossuary (visited)
  Swamp: Lair:2-4    Shoals: Lair:2-4     Snake: Lair:2-4    Spider: Lair:2-4
 Vaults: D:13-14

Altars:
Ashenzari
Cheibriados
Dithmenos
Elyvilon
Fedhas
Gozag
Hepliaklqana
Kikubaaqudgha
Makhleb
Okawaru
Qazlal
Ru
Uskayaw
Vehumet
Xom
Yredelemnul
Zin
Beogh

Shops:
D:8 *   D:11 *

Annotations:
D:11 2 runed translucent doors, exclusion: orange crystal statue


Innate Abilities, Weirdness & Mutations

You have a pair of horns on your head.
You reflexively headbutt those who attack you in melee.


Message History

You headbutt the catoblepas.
The catoblepas is heavily wounded.
You are engulfed in calcifying dust.
You block the catoblepas's attack.
You barely miss the catoblepas.
The catoblepas is heavily wounded.
You are engulfed in calcifying dust.
You are slowing down.
You block the catoblepas's attack.
You completely miss the catoblepas.
The catoblepas is heavily wounded.
You are engulfed in calcifying dust.
The catoblepas breathes a plume of calcifying dust at you.
The blast of calcifying dust hits you but does no damage.
Your limbs are stiffening.
Unknown command.
You slice the catoblepas!! You headbutt the catoblepas!
The catoblepas is almost dead.
You feel like a meek peon again.
The catoblepas breathes a plume of calcifying dust at you.
The blast of calcifying dust hits you but does no damage.
The catoblepas breathes a plume of calcifying dust at you.
The blast of calcifying dust hits you.
* * * LOW HITPOINT WARNING * * *
You have turned to stone.
You are engulfed in calcifying dust.
The catoblepas gores you!
* * * LOW HITPOINT WARNING * * *
You are engulfed in calcifying dust.
The catoblepas gores you!
* * * LOW HITPOINT WARNING * * *
You are engulfed in calcifying dust.
The catoblepas gores you but does no damage.
You are engulfed in calcifying dust.
The catoblepas gores you!
* * * LOW HITPOINT WARNING * * *
The catoblepas gores you!!
* * * LOW HITPOINT WARNING * * *
The catoblepas gores you but does no damage.
The catoblepas completely misses you.
The catoblepas gores you but does no damage.
The catoblepas barely misses you. The catoblepas gores you!!
You die...

#######.#. #.# #.....#.#.
...#.#.##.##[.. #.#.#.#.##.##...
#.#.#.#.##.##... #.#.#.#<....#...
.########.#.#.#.#####...
.^......#.#.#.#.........
#####@#.#.#.#########.
.....JY...#.............
.######.#...#...........
#.#.#.#.#.........
#.#≈#.#.#.######## #
#≈≈≈≈≈≈.#.######## #
#######≈####≈≈≈≈≈≈≈≈..........
####≈#≈≈≈≈#≈≈≈≈≈≈≈≈≈≈≈≈≈..)≈≈.≈≈≈
≈≈≈≈≈≈≈≈≈≈≈≈≈≈≈≈≈≈#≈..≈≈≈≈≈≈≈≈≈≈≈


You could see a catoblepas and a slime creature.

Vanquished Creatures
  Jorgrun (D:12)
  Nessos (D:13)
  Fannar (D:10)
  3 boulder beetles
  3 two-headed ogres
  A centaur warrior (D:12)
  2 tengu warriors (D:13)
  2 ugly things (D:12)
  2 cyclopes
  A gargoyle (D:11)
  5 cane toads (Lair:1)
  A komodo dragon (Lair:1)
  3 kobold demonologists
  An unseen horror (D:13)
  5 trolls
  Prince Ribbit (D:5)
  A slime creature (D:13)
  Sigmund (D:4)
  2 wyverns
  A water elemental (D:13)
  16 yaks
  2 wraiths
  Eustachio (D:4)
  Grum (D:11)
  2 basilisks
  3 vampire mosquitoes (D:12)
  8 water moccasins
  6 orc warriors
  A hornet zombie (D:5)
  A sky beast (D:7)
  A necrophage (D:6)
  A black bear (D:4)
  3 ogres
  6 centaurs
  A phantom (D:5)
  3 wolves
  4 bullfrogs
  2 wyvern zombies
  5 water moccasin zombies (Ossuary)
  A gnoll sergeant (D:8)
  A scorpion (D:5)
  3 wights (D:8)
  3 electric eels (D:13)
  4 howler monkeys
  2 bullfrog zombies
  4 centaur zombies
  An iron imp (D:4)
  8 orc priests
  A gnoll shaman (D:7)
  3 hounds
  3 centaur skeletons
  4 iguanas
  Natasha (thrice) (D:4)
  8 orc wizards
  A hound skeleton (D:5)
  2 mummies (Ossuary)
  A howler monkey zombie (D:7)
  13 gnolls
  8 adders
  2 shadow imps (D:6)
  An ufetubus (D:5)
  6 adder zombies (Ossuary)
  4 worms (D:2)
  2 dart slugs
  32 orcs
  5 ball pythons
  5 bats
  10 endoplasms
  2 giant cockroaches (D:1)
  4 gnoll zombies (Ossuary)
  10 goblins
  4 hobgoblins
  4 jackals (D:2)
  17 kobolds
  8 quokkas
  2 goblin zombies (D:4)
  8 hobgoblin zombies (Ossuary)
  9 kobold zombies (Ossuary)
  3 orc zombies (Ossuary)
  6 rats
  A spectral orc (D:12)
324 creatures vanquished.

Vanquished Creatures (others)
  5 dream sheep (D:3)
  2 orc wizards
  An orc (D:9)
  2 fungi
  4 plants
14 creatures vanquished.

Grand Total: 338 creatures vanquished

Notes
Turn   | Place    | Note
-------+----------+-------------------------------------------
     0 | D:1      | Peloso the Minotaur Fighter began the quest for the Orb.
     0 | D:1      | Reached XP level 1. HP: 19/19 MP: 0/0
    15 | D:1      | Found a faded altar of an unknown god.
   151 | D:1      | Reached XP level 2. HP: 27/27 MP: 1/1
   658 | D:2      | Found an opulent altar of Gozag.
   708 | D:2      | Reached XP level 3. HP: 30/33 MP: 2/2
   924 | D:2      | Reached XP level 4. HP: 33/41 MP: 3/3
  1324 | D:3      | HP: 2/41 [poisoned by a gnoll]
  1329 | D:3      | HP: 2/41 [poisoned by a gnoll]
  1451 | D:2      | Reached XP level 5. HP: 36/47 MP: 4/4
  1505 | D:3      | Reached skill level 5 in Fighting
  1630 | D:3      | Noticed a dream sheep
  1630 | D:3      | Noticed a dream sheep
  1630 | D:3      | Noticed a dream sheep
  1630 | D:3      | Noticed a dream sheep
  1630 | D:3      | Noticed a dream sheep
  1630 | D:3      | Found a shimmering altar of Xom.
  1635 | D:3      | Killed a dream sheep
  1635 | D:3      | Killed a dream sheep
  1635 | D:3      | Killed a dream sheep
  1635 | D:3      | Killed a dream sheep
  1636 | D:3      | Killed a dream sheep
  2053 | D:4      | Noticed an ogre
  2054 | D:4      | Noticed Sigmund
  2078 | D:4      | Killed an ogre
  2079 | D:4      | Reached skill level 1 in Dodging
  2079 | D:4      | Reached XP level 6. HP: 24/56 MP: 5/5
  2088 | D:4      | Killed Sigmund
  2089 | D:4      | Reached skill level 5 in Long Blades
  2089 | D:4      | Reached skill level 5 in Armour
  2183 | D:4      | Noticed Eustachio
  2219 | D:4      | Killed Eustachio
  2220 | D:4      | Reached skill level 5 in Shields
  2220 | D:4      | Reached XP level 7. HP: 62/62 MP: 6/6
  2244 | D:4      | Found a sand-covered staircase.
  2251 | Ossuary  | Entered an ossuary
  2522 | D:4      | Noticed Natasha
  2527 | D:4      | Killed Natasha
  2528 | D:4      | Reached XP level 8. HP: 66/71 MP: 7/7
  2651 | D:4      | Noticed Natasha
  2657 | D:4      | Killed Natasha
  2768 | D:4      | Noticed Natasha
  2774 | D:4      | Killed Natasha
  2805 | D:4      | Found a snail-covered altar of Cheibriados.
  2867 | D:4      | Found a white marble altar of Elyvilon.
  2913 | D:5      | Entered Level 5 of the Dungeon
  3036 | D:5      | Noticed Prince Ribbit
  3061 | D:5      | Killed Prince Ribbit
  3184 | D:5      | Found a staircase to the Ecumenical Temple.
  3194 | Temple   | Entered the Ecumenical Temple
  3202 | Temple   | Became a worshipper of Warmaster Okawaru
  3749 | D:6      | Reached XP level 9. HP: 79/79 MP: 8/8
  3873 | D:6      | Noticed a kobold demonologist
  3874 | D:6      | Noticed a kobold demonologist
  3935 | D:6      | Noticed a soul eater
  3938 | D:6      | Noticed a sixfirhy
  3941 | D:6      | Noticed a hellwing
  3944 | D:6      | Killed a kobold demonologist
  3956 | D:6      | Noticed a soul eater
  3956 | D:6      | Killed a kobold demonologist
  3956 | D:6      | Reached * piety under Okawaru
  4040 | D:6      | Found a radiant altar of Vehumet.
  4598 | D:6      | Reached skill level 10 in Long Blades
  4749 | D:7      | Reached ** piety under Okawaru
  4988 | D:7      | Found a blossoming altar of Fedhas.
  4989 | D:7      | Found a shadowy altar of Dithmenos.
  5061 | D:7      | Noticed a boulder beetle
  5088 | D:7      | Killed a boulder beetle
  5089 | D:7      | Reached XP level 10. HP: 45/90 MP: 6/9
  5488 | D:8      | Reached *** piety under Okawaru
  5616 | D:8      | Found Kekludgh's Assorted Antiques.
  6348 | D:9      | Found an ancient bone altar of Kikubaaqudgha.
  6348 | D:9      | Found a stormy altar of Qazlal.
  6948 | D:10     | Entered Level 10 of the Dungeon
  6982 | D:10     | Found a staircase to the Lair.
  7021 | D:10     | Reached **** piety under Okawaru
  7165 | D:10     | Noticed Fannar
  7184 | D:10     | Killed Fannar
  7185 | D:10     | Reached skill level 10 in Fighting
  7185 | D:10     | Reached skill level 10 in Shields
  7522 | D:11     | Found the +10 tower shield of Ignorance {rN+ Int-4}
  7526 | D:11     | Found a runed translucent door.
  7536 | D:11     | Noticed Grum
  7655 | D:11     | Killed Grum
  7656 | D:11     | Reached skill level 10 in Armour
  7701 | D:11     | Found a runed translucent door.
  7702 | D:11     | Noticed an orange crystal statue
  7726 | D:11     | HP: 3/93 [troll (8)]
  7730 | D:11     | Reached XP level 11. HP: 11/99 MP: 7/10
  7823 | D:11     | Noticed a boulder beetle
  7848 | D:11     | Killed a boulder beetle
  8095 | D:11     | Found Zihog Alemu's Assorted Antiques.
  8107 | D:11     | Noticed a boulder beetle
  8137 | D:11     | Killed a boulder beetle
  8138 | D:11     | Reached skill level 1 in Evocations
  8273 | D:11     | Reached skill level 1 in Invocations
  8452 | Lair:1   | Entered Level 1 of the Lair of Beasts
  8464 | Lair:1   | Reached ***** piety under Okawaru
  8651 | Lair:1   | Identified the +0 scale mail of Cenohi {Str+2}
  9211 | Lair:2   | Noticed an eight-headed hydra
  9548 | D:12     | Received a gift from Okawaru
  9623 | D:12     | Noticed a red ugly thing
  9637 | D:12     | Killed a red ugly thing
  9638 | D:12     | Reached XP level 12. HP: 97/110 MP: 9/12
  9798 | D:12     | Noticed a centaur warrior
  9812 | D:12     | Killed a centaur warrior
 10031 | D:12     | Found a staircase to the Orcish Mines.
 10256 | D:12     | Noticed a two-headed ogre
 10264 | D:12     | Killed a two-headed ogre
 10430 | D:12     | Identified the +8 great sword of Due Proportion {elec,
                  | rPois} (Okawaru gifted it to you on level 12 of the
                  | Dungeon)
 10430 | D:12     | Received a gift from Okawaru
 10675 | D:12     | Found a basalt altar of Yredelemnul.
 10676 | D:12     | Noticed Jorgrun
 10685 | D:12     | Killed Jorgrun
 11333 | D:13     | Noticed a two-headed ogre
 11344 | D:13     | Killed a two-headed ogre
 11563 | D:13     | Reached skill level 1 in Stealth
 11698 | D:13     | Noticed Nessos
 11714 | D:13     | Killed Nessos
 11870 | D:13     | Noticed a two-headed ogre
 11876 | D:13     | Noticed a tengu warrior
 11883 | D:13     | Killed a two-headed ogre
 11894 | D:13     | Killed a tengu warrior
 12021 | D:13     | Noticed a tengu warrior
 12034 | D:13     | Killed a tengu warrior
 12034 | D:13     | Reached ****** piety under Okawaru
 12347 | D:13     | Noticed a catoblepas
 12422 | D:13     | Slain by a catoblepas

Illustrated notes

Levels and vault maps discovered:
D:1:      matt_arrival_grand_opening, layout_basic,
          hellmonk_ecumenical_altar_pennies_from_heaven
D:2:      layout_basic, basic_altar
D:3:      layout_basic, kb_xom_exploding_sheep
D:4:      layout_basic, lemuel_coloured_pillars_altar, slow_altar_1,
          enter_ossuary_4, nicolae_concentric_dashed_squares_wild,
          uniq_eustachio, uniq_sigmund, uniq_natasha
D:5:      layout_gridville, minmay_temple_entry_offerings, uniq_prince_ribbit1
D:6:      layout_gridville, kennysheep_mini_moat, kennysheep_generic_room_11
D:7:      layout_rooms, mainiacjoe_overflow_divided_tiny,
          minmay_manual_monstrance
D:8:      layout_loops_ring, serial_shops, shop
D:9:      layout_loops_ring, gammafunk_temple_overflow_elements
D:10:     layout_big_octagon, lair_entry_dummy, uniq_fannar
D:11:     layout_rooms, serial_shops, shop, small_chamber_with_monster,
          chequers_guarded_unrand_ignorance, uniq_grum
D:12:     layout_basic, minmay_orc_entry_temple_small, grunt_ministairs_15,
          yredelemnul_forgotten_temple_becter, uniq_jorgrun
D:13:     layout_basic, uniq_nessos
Temple:   eino_narrow_crystal_temple
Lair:1:   layout_roguey
Lair:2:   layout_regular_city, elwin_shoals_entry_stream

Skill      XL: |  1  2  3  4  5  6  7  8  9 10 11 12 |
---------------+-------------------------------------+-----
Fighting       | 4 5 6 7 8 10 11 | 11.9
Armour         | 4 5 6 8 10 11 12 | 12.3
Shields        | 4 5 7 8 10 12 13 | 13.5
Long Blades    | 3 4 6 7 9 10 11 12 13 | 13.9
Dodging        | 1 2 3 |  3.3
Evocations     | 2 |  2.4
Invocations    | 2 |  2.9
Stealth        | 1 |  1.1

Action                   |  1- 3 |  4- 6 |  7- 9 | 10-12 || total
-------------------------+-------+-------+-------+-------++-------
Melee: Long sword        |    80 |   138 |   474 |   622 ||  1314
       Headbutt          |     9 |    22 |    99 |   178 ||   308
Invok: Heroism           |       |       |     1 |    22 ||    23
Evoke: Wand              |       |       |     1 |    25 ||    26
  Use: Potion            |       |     1 |       |     5 ||     6
       Scroll            |       |     3 |     1 |    11 ||    15
 Stab: Petrified         |       |       |       |     1 ||     1
Armor: Scale mail        |    20 |       |       |       ||    20
       Chain mail        |       |    81 |   248 |    29 ||   358
       Plate armour      |       |       |       |   213 ||   213
Dodge: Dodged            |    28 |    51 |   141 |   106 ||   326
Block: Buckler           |     7 |       |       |       ||     7
       Kite shield       |    23 |    83 |   230 |   102 ||   438
       Tower shield      |       |       |       |   399 ||   399
       Reflection        |       |       |       |    10 ||    10
